 Dungeon Crawl Stone Soup version 0.19-a0-1057-g15bb84d (webtiles) character file.

5399 4thArraOfDagon the Carver (level 10, 0/73 HPs)
             Began as a Formicid Wanderer on Aug 2, 2016.
             Was a Believer of Makhleb.
             Slain by a troll (11 damage)
             ... on level 10 of the Dungeon.
             The game lasted 00:24:06 (3404 turns).

4thArraOfDagon the Carver (Formicid Wanderer)       Turns: 3404, Time: 00:24:07

Health: 0/73       AC:  9    Str: 15    XL:     10   Next: 98%
Magic:  15/15      EV:  6    Int: 13    God:    Makhleb [**....]
Gold:   77         SH:  0    Dex: 14    Spells: 3 memorised, 6 levels left

rFire  . . .     SeeInvis +     j - +1 long sword (elec)
rCold  . . .     Gourm    .     i - +0 chain mail
rNeg   + . .     Faith    .     (no shield)
rPois  .         Spirit   .     (helmet unavailable)
rElec  .         Dismiss  .     u - +0 cloak
rCorr  .         Reflect  .     (no gloves)
SustAt .         Harm     .     (no boots)
MR     +....                    (no amulet)
Stlth  ..........               J - ring of positive energy
                                D - ring of flight

@: somewhat resistant to hostile enchantments, extremely unstealthy
A: permanent stasis, dig shafts and tunnels, four strong arms, antennae 3
a: Dig, Shaft Self, Minor Destruction, Renounce Religion, Evoke Flight


You were on level 10 of the Dungeon.
You worshipped Makhleb.
Makhleb was pleased with you.
You were not hungry.

You visited 2 branches of the dungeon, and saw 11 of its levels.

You collected 433 gold pieces.
You spent 356 gold pieces at shops.

Inventory:

Hand Weapons
 c - a +0 hand crossbow
 j - a +1 long sword of electrocution (weapon)
 t - a +0 long sword
 L - the +1 great sword of Fortitude {pain, Int+3}
   (You bought it in a shop on level 7 of the Dungeon)

   In the hands of one skilled in necromantic magic, it inflicts extra damage on
   living creatures.
   It affects your intelligence (+3).
Missiles
 d - 13 bolts
 g - 11 poisoned javelins (quivered)
Armour
 e - a +0 robe
 i - a +0 chain mail (worn)
 p - a +0 cloak
 r - a +2 helmet
 u - a +0 cloak (worn)
 y - a +0 plate armour
 F - a +0 large shield
Jewellery
 D - a ring of flight (left hand)
 I - an uncursed ring of see invisible
 J - a ring of positive energy (right hand)
Wands
 o - a wand of disintegration (9/24)
 v - a wand of iceblast (0/15)
 A - a wand of enslavement (0/24)
 C - a wand of disintegration (2/24)
Scrolls
 k - 3 scrolls of fear {unknown}
 l - 8 scrolls of remove curse
 q - 3 scrolls of noise
 s - a scroll of random uselessness
 B - a scroll of recharging
 M - a scroll of enchant weapon {unknown}
 N - a scroll of magic mapping
Potions
 h - 3 potions of curing
 w - a potion of invisibility {unknown}
 x - a potion of beneficial mutation {unknown}
 z - a potion of cancellation {unknown}
 E - a potion of magic
 G - a potion of heal wounds {unknown}
 H - a potion of might
 K - a potion of berserk rage {unknown}
Books
 a - a book of Air

   Spells                             Type                      Level
   a - Shock                          Conjuration/Air              1
   b - Swiftness                      Charms/Air                   2
   c - Repel Missiles                 Charms/Air                   2
   d - Static Discharge               Conjuration/Air              3
   e - Lightning Bolt                 Conjuration/Air              5
 b - the Almanac of Conjuration

   Spells                             Type                      Level
   a - Magic Dart                     Conjuration                  1
   b - Conjure Flame                  Conjuration/Fire             3
Comestibles
 f - 3 bread rations
 m - 2 meat rations
 n - a chunk of flesh


   Skills:
 + Level 4.5 Fighting
 * Level 13.0 Long Blades
 - Level 6.8 Crossbows
 + Level 0.2 Armour
 + Level 2.7 Shields
 - Level 1.1 Spellcasting
 - Level 1.7 Translocations
 - Level 1.5 Air Magic
 - Level 7.7 Evocations


You had 6 spell levels left.
You knew the following spells:

 Your Spells              Type           Power        Failure   Level  Hunger
a - Repel Missiles        Chrm/Air       #.....       100%        2    ###....
b - Swiftness             Chrm/Air       #.......     100%        2    ###....
c - Apportation           Tloc           #.........   100%        1    ##.....


Dungeon Overview and Level Annotations

Branches:
Dungeon (10/15)            Temple (1/1) D:6
   Lair: D:8-11         Orc: D:9-12

Altars:
Ashenzari
Cheibriados
Dithmenos
Elyvilon
Fedhas
Hepliaklqana
Kikubaaqudgha
Makhleb
Nemelex Xobeh
Okawaru
Pakellas
Qazlal
Ru
Uskayaw
Vehumet
Xom
Yredelemnul
Zin
The Shining One

Shops:
D:7 (   D:9 (

Annotations:
D:7 poirepourri's ghost, novice DECj


Innate Abilities, Weirdness & Mutations

You are under a permanent stasis effect.
You can dig through walls and to a lower floor.
Your four strong arms can wield two-handed weapons with a shield.
You have a pair of large antennae on your head. (SInv)


Message History

Unknown command.
You dig through the rock wall.
Unknown command.
You dig through the rock wall.
A troll comes into view.
The troll shouts!
The troll bites you! The troll claws you. The troll claws you!
You retract your mandibles.
Quiver which item? (- for none, * to show all) (? for menu, Esc to quit)
Okay, then.
Are you sure you want to shaft yourself?
You feel somewhat more hungry. The troll bites you!
* * * LOW HITPOINT WARNING * * *
The troll claws you but does no damage. The troll claws you.
* * * LOW HITPOINT WARNING * * *
You begin to dig a shaft.
You continue digging a shaft.
The troll bites you but does no damage. The troll claws you.
* * * LOW HITPOINT WARNING * * *
The troll claws you!
You die...

.# .######
##......# #.# #.##
#.# #.# ##.## #.#
#.# ##.###.# #.#
##.##.# ##.##
##T#.### ####...##
#.@...# #......).
#.#[#.#####.##...##
#.#.........###.##
#.###.#####.# #.#
#.....# #.# #.###
####### #.# .#...
#.# #.#.# #.# #..


You could see a troll.

Vanquished Creatures
  Urug (D:10)
  A hill giant (D:8)
  A two-headed ogre (D:10)
  Grinder (D:5)
  Grum (D:8)
  An orc warrior (D:6)
  An ice beast (D:9)
  2 sky beasts
  2 ogres
  2 wolves
  A giant frog (D:7)
  4 killer bees
  A howler monkey (D:6)
  2 crimson imps (D:7)
  2 jellies (D:8)
  4 hounds
  A giant frog skeleton (D:3)
  An orc priest (D:3)
  3 orc wizards
  Natasha (twice) (D:2)
  3 iguanas
  A worker ant (D:5)
  5 adders
  2 gnolls (D:5)
  2 shadow imps (D:6)
  3 oozes
  An adder zombie (D:6)
  2 worms
  A dart slug (D:3)
  A giant gecko (D:6)
  19 orcs
  6 giant cockroaches
  13 goblins
  4 hobgoblins
  5 jackals
  A quokka (D:2)
  4 bats
  5 giant newts
  2 kobolds
  A quokka skeleton (D:4)
  A rat (D:3)
116 creatures vanquished.

Vanquished Creatures (collateral kills)
  A centaur (D:5)
  A gnoll (D:5)
  An adder (D:6)
  A worm (D:6)
4 creatures vanquished.

Grand Total: 120 creatures vanquished

Notes
Turn   | Place    | Note
-------+----------+-------------------------------------------
     0 | D:1      | 4thArraOfDagon the Formicid Wanderer began the quest for the Orb.
     0 | D:1      | 4thArraOfDagon set off with: a book of Air, the Almanac of Conjuration, a +0 hand crossbow, 26 bolts, a +0 robe, a bread ration
     0 | D:1      | Reached XP level 1. HP: 16/16 MP: 2/2
     0 | D:1      | Identified the Almanac of Conjuration
   137 | D:2      | Reached XP level 2. HP: 22/22 MP: 3/3
   310 | D:3      | You fall through a shaft for 2 floors!
   310 | D:5      | Entered Level 5 of the Dungeon
   326 | D:5      | You fall through a shaft for 3 floors!
   400 | D:8      | Found a shimmering altar of Xom.
   417 | D:9      | Noticed an ogre
   422 | D:9      | Killed an ogre
   422 | D:9      | Reached XP level 3. HP: 12/27 MP: 4/4
   422 | D:9      | Reached XP level 4. HP: 14/33 MP: 5/5
   422 | D:9      | Reached XP level 5. HP: 17/38 MP: 6/6
   452 | D:9      | Noticed an ice beast
   508 | D:8      | Noticed a sky beast
   514 | D:8      | Killed a sky beast
   514 | D:8      | Reached skill level 5 in Crossbows
   514 | D:8      | Reached XP level 6. HP: 32/44 MP: 7/7
   517 | D:8      | Reached XP level 7. HP: 37/50 MP: 7/10
   546 | D:8      | Noticed a hill giant
   556 | D:8      | Killed a hill giant
   556 | D:8      | Reached XP level 8. HP: 17/56 MP: 10/13
   599 | D:8      | Noticed Grum
   708 | D:7      | Found Torphegh's Antique Weapon Shoppe.
   841 | D:6      | Reached skill level 1 in Long Blades
   884 | D:6      | Learned a level 2 spell: Repel Missiles
   887 | D:6      | Learned a level 2 spell: Swiftness
   945 | D:5      | Reached skill level 2 in Long Blades
  1146 | D:5      | Noticed Grinder
  1151 | D:5      | Killed Grinder
  1151 | D:5      | Reached skill level 3 in Long Blades
  1151 | D:5      | Reached XP level 9. HP: 66/66 MP: 14/14
  1314 | D:4      | Found a sparkling altar of Nemelex Xobeh.
  1341 | D:4      | Found a hazy altar of Hepliaklqana.
  1341 | D:4      | Found a shadowy altar of Dithmenos.
  1341 | D:4      | Found a basalt altar of Yredelemnul.
  1383 | D:4      | Found a hide-covered altar of Uskayaw.
  1427 | D:5      | Reached skill level 4 in Long Blades
  1546 | D:6      | Found a staircase to the Ecumenical Temple.
  1555 | Temple   | Entered the Ecumenical Temple
  1668 | Temple   | 4thArraOfDagon: laggg
  1691 | Temple   | jacquesderrida: reeeee
  1692 | Temple   | Became a worshipper of Makhleb the Destroyer
  1923 | D:2      | Noticed Natasha
  1927 | D:2      | Reached skill level 5 in Long Blades
  1941 | D:2      | Killed Natasha
  2067 | D:3      | Found a burning altar of Makhleb.
  2103 | D:3      | Found a sacrificial altar of Ru.
  2153 | D:3      | Reached * piety under Makhleb
  2197 | D:3      | Learned a level 1 spell: Apportation
  2549 | D:1      | Reached skill level 12 in Long Blades
  2549 | D:1      | Reached XP level 10. HP: 73/73 MP: 15/15
  2573 | D:2      | Noticed Natasha
  2579 | D:2      | Killed Natasha
  2622 | D:3      | Found a snail-covered altar of Cheibriados.
  2638 | D:3      | magipi: D:1?
  2650 | D:3      | Reached ** piety under Makhleb
  2799 | D:7      | 4thArraOfDagon: look
  2799 | D:7      | 4thArraOfDagon: at amazing
  2799 | D:7      | Bought an encrusted great sword for 356 gold pieces
  2799 | D:7      | Identified the cursed +1 great sword of Fortitude {pain, Int+3} (You bought it in a shop on level 7 of the Dungeon)
  2800 | D:7      | look
  2800 | D:7      | at crap
  2805 | D:7      | 4thArraOfDagon: :(
  2805 | D:7      | ctrlq
  2823 | D:7      | Noticed poirepourri's ghost (novice DECj)
  2828 | D:7      | magipi: no necro book?
  2994 | D:8      | Killed Grum
  2994 | D:8      | Reached skill level 1 in Shields
  3015 | D:8      | 4thArraOfDagon: why im dead
  3202 | D:9      | Found Pogiv's Antique Weapon Shop.
  3259 | D:10     | Entered Level 10 of the Dungeon
  3260 | D:10     | magipi: 9 ac 6 ev does sound a bit lowish
  3275 | D:10     | Noticed Urug
  3279 | D:10     | magipi: elec!!
  3288 | D:10     | Killed Urug
  3288 | D:10     | Reached skill level 13 in Long Blades
  3316 | D:10     | magipi: there ya go, a 200% power increase
  3404 | D:10     | Slain by a troll

Vault maps used:
D:1:      saegor_arrival_simple_d
D:2:      uniq_natasha
D:3:      kennysheep_slug_shrine, old_standard_altar,
          makhleb_blood_cavern_becter
D:4:      minitemple, lemuel_coloured_pillars_altar, nemelex_lonely_heart_becter
D:5:      first_bread, uniq_grinder
D:6:      grunt_ministairs_3
D:7:      serial_shops, nicolae_shop_trees
D:8:      nicolae_overflow_hidden_temple, lemuel_blue_sif_altar, special_room,
          uniq_grum
D:9:      serial_shops, nicolae_shop_crystal
D:10:     david_orc_3, uniq_urug
Temple:   minmay_temple_curvy_branch

Skill      XL: |  1  2  3  4  5  6  7  8  9 10 |
---------------+-------------------------------+-----
Crossbows      | 4 5 6 |  6.8
Evocations     | 4 7 |  7.7
Fighting       | 4 |  4.5
Long Blades    | 3 12 13 | 13.0
Shields        | 2 |  2.7
Armour         | |  0.2
Spellcasting   | |  1.1
Translocations | |  1.7
Air Magic      | |  1.5

Action                   |  1- 3 |  4- 6 |  7- 9 | 10-12 || total
-------------------------+-------+-------+-------+-------++-------
Melee: Long sword        |       |       |   251 |    41 ||   292
       Great sword       |       |       |       |    43 ||    43
 Fire: Hand crossbow     |    39 |     6 |    51 |       ||    96
Throw: Throwing net      |       |       |     1 |     3 ||     4
       Javelin           |       |       |     4 |       ||     4
 Abil: Shaft Self        |     2 |       |       |     1 ||     3
       Dig               |     1 |       |    59 |    23 ||    83
Evoke: Wand              |       |     5 |    19 |     4 ||    28
  Use: Scroll            |     4 |       |     6 |     4 ||    14
       Potion            |       |       |     2 |     2 ||     4
 Stab: Held in net/web   |       |       |       |     1 ||     1
  Eat: Chunk             |       |       |     9 |     6 ||    15
       Beef jerky        |       |       |     3 |       ||     3
       Fruit             |       |       |     2 |       ||     2
       Pizza             |       |       |     1 |       ||     1
Armor: Chain mail        |     9 |     1 |   184 |    24 ||   218
       Skin              |       |       |       |     1 ||     1
Dodge: Dodged            |     7 |     1 |    82 |    12 ||   102
